AoeStats
← matiascronopios

Glade

510628146Analyzed
1v1 RM · 1d ago on Oct 1, 2026· 51m 59s· 2 players
Game mode
Random Map
Map size
Tiny (2 player)
Population
200
Speed
Normal
Resources
Standard
Victory
Conquest
Starting age
Dark Age
Ending age
Imperial Age
RankedLock teamsTeams togetherTeam positionsShared explorationLock speedFull tech treeHidden civsTurbo modeCheats
Victory
Defeat
🇪🇸 Saracens · Spain
343
+14
🇦🇷 Britons · Argentina
302
-14
matiascronopios
9:44 Feudal Age
19:26 Gold Mining
22:04 Fletching
22:15 Padded Archer Armor
24:12 Horse Collar
24:21 Double-Bit Axe
36:39 Castle Age
38:55 Stone Mining
38:40 Crossbowman
40:49 Wheelbarrow
42:08 Leather Archer Armor
41:49 Bodkin Arrow
42:15 Heavy Plow
42:31 Bow Saw
49:40 Imperial Age
Kaimo70
8:37 Loom
10:50 Feudal Age
11:20 Double-Bit Axe
13:08 Horse Collar
17:13 Town Watch
21:51 Castle Age
26:25 Bow Saw
29:55 Elite Skirmisher
33:29 Fletching
33:40 Padded Archer Armor
37:49 Gold Mining
37:50 Stone Mining
38:49 Bodkin Arrow
39:10 Leather Archer Armor
39:01 Scale Barding Armor
42:55 Imperial Age
41:20 Gold Shaft Mining
43:49 Onager
46:37 Elite Mameluke
48:01 Thumb Ring
Connection lost

Rejoining the realm…

Still unreachable

The connection could not be restored.

Session expired

The server has moved on; the page needs a fresh start.